 Dungeon Crawl Stone Soup version 0.30-a0-585-g93115170b9 (webtiles) character file.

Game seed: 11596528566152862340

5856 Newt the Nimble (level 10, -4/72 HPs)
             Began as a Demonspawn Gladiator on Jan 1, 2023.
             Was a Follower of Hepliaklqana.
             Slain by a death yak (19 damage)
             ... on level 8 of the Dungeon.
             The game lasted 00:10:53 (9380 turns).

Newt the Nimble (Demonspawn Gladiator)              Turns: 9380, Time: 00:10:53

Health: -4/72      AC: 10    Str: 19    XL:     10   Next: 52%
Magic:  12/12      EV: 17    Int:  9    God:    Hepliaklqana [*.....]
Gold:   409        SH:  5    Dex: 15    Spells: 9/9 levels left

rFire   . . .      SeeInvis +    p - +4 whip (venom)
rCold   . . .      Faith    .    (no shield)
rNeg    + . .      Spirit   .    I - +0 steam dragon scales
rPois   .          Reflect  +    u - +0 helmet {SInv}
rElec   .          Harm     .    (no cloak)
rCorr   +          Rampage  .    (no gloves)
Will    .....                    (no boots)
Stlth   ++                       w - amulet of reflection
HPRegen 0.32/turn                f - ring of resist corrosion
MPRegen 0.13/turn                h - ring of positive energy

@: studying 2 skills
A: reduced essence, molten scales 2, demonic magic 1
a: Renounce Religion, Recall Ancestor, Ancestor Identity


You were on level 8 of the Dungeon.
You worshipped Hepliaklqana.
Hepliaklqana was aware of your devotion.
You visited 1 branch of the dungeon, and saw 9 of its levels.

You collected 409 gold pieces.

Inventory:

Hand Weapons
 a - a +0 rapier
 j - a +2 dagger of protection
 p - a +4 whip of venom (weapon)
Missiles
 k - 13 poisoned darts (quivered)
 r - 12 boomerangs
Armour
 b - a +1 leather armour
 c - a +0 helmet
 u - a +0 helmet of see invisible (worn)
 I - +0 steam dragon scales (worn)
Jewellery
 f - a ring of resist corrosion (left hand)
 h - a ring of positive energy (right hand)
 i - a ring of ice
 w - an amulet of reflection (around neck)
 y - a ring of fire
 B - a +6 ring of strength
 E - a ring of protection from fire
 G - a ring of flight
Wands
 d - a wand of charming (12)
 H - a wand of quicksilver (11)
Scrolls
 l - 2 scrolls of enchant armour
 n - 3 scrolls of teleportation
 t - a scroll of fog
 x - a scroll of silence
 C - a scroll of amnesia
 D - a scroll of magic mapping
Potions
 g - a potion of resistance
 m - a potion of degeneration
 q - 3 potions of flight
 s - a potion of cancellation {unknown}
 v - a potion of brilliance
 z - a potion of magic
 F - a potion of invisibility {unknown}


   Skills:
 + Level 7.9 Fighting
 - Level 2.6 Short Blades
 - Level 8.0 Maces & Flails
 - Level 5.0 Throwing
 - Level 4.0 Armour
 - Level 10.0 Dodging
 - Level 2.0 Stealth
 - Level 3.0 Invocations


You had 9 spell levels left.
You didn't know any spells.
Your spell library contained the following spells:

 Spells                   Type           Power      Damage    Failure   Level
 Ensorcelled Hibernation  Hex/Ice        0%         N/A       52%         2
 Passwall                 Tmut/Erth      0%         N/A       52%         2
 Portal Projectile        Hex/Tloc       0%         N/A       77%         3
 Swiftness                Air            0%         N/A       77%         3
 Tukima's Dance           Hex            0%         N/A       77%         3
 Blade Hands              Tmut           0%         N/A       100%        5


Dungeon Overview and Level Annotations

Branches:
Dungeon (9/15)             Temple (0/1) D:7            Lair (0/5) D:8
    Orc: D:9-12

Altars:
Hepliaklqana
Vehumet
Yredelemnul

Shops:
D:1 =


Innate Abilities, Weirdness & Mutations

Your life essence is reduced to manifest your ancestor. (-10% HP)
You are mostly covered in molten scales. (AC +3)
Spells you cast may paralyse adjacent enemies.


Message History

The death yak is moderately wounded.
The death yak gores you!! The death yak gores you!
You whack the death yak!
The death yak looks as sick as possible!
The death yak is moderately wounded.
Edwyna barely misses the death yak.
You swap places.
The death yak gores you!!
* * * LOW HITPOINT WARNING * * *
Edwyna hits the death yak.
Edwyna hits the death yak but does no damage.
Aiming: Charm
Press: ? - help, Shift-Dir - straight line, f/p - death yak
Aim: a death yak (heavily wounded, extremely poisoned, ally target, chance to affect: 1%)
Okay, then.
You feel better. The death yak completely misses you.
Edwyna hits the death yak!
You hit the death yak but do no damage.
The death yak looks as sick as possible!
The death yak is heavily wounded.
The death yak gores you!
* * * LOW HITPOINT WARNING * * *
You feel better.
Edwyna hits the death yak but does no damage.
The death yak gores you but does no damage.
Okay, then.
Throw: javelin
Press: ? - help, Shift-Dir - straight line, f/p - death yak
Aim: a death yak (severely wounded, extremely poisoned, ally target, 81% to hit)
You throw a javelin.
The javelin pierces through the death yak but does no damage.
The death yak is severely wounded.
Edwyna avoids your attack.
Edwyna hits the death yak but does no damage.
The death yak barely misses Edwyna.
Edwyna hits the death yak!
You strike the helpless death yak from behind!
You hit the death yak but do no damage.
The death yak is severely wounded.
The death yak gores you!!
You die...

####.#########.........#
..........# #...#.....#
#...###.#.# #####.....#
#.#.###.#.# #.....#
..#.....#.## #.....#
#########..## #.....#
##..######.....#
##......#.....### ###
######@#.......# #..
#Y#.......# #..
#R...([...# #..
##....(...# #..
#........#....#..
##.......#....#..
#.......#....#..
#.......#....#..
#.......#....#..


You could see the friendly Edwyna the ancestor and a death yak (extremely
poisoned, ally target).

Vanquished Creatures
  Gastronok (D:8)
  2 death yaks
  2 wyverns
  A steam dragon (D:7)
  A water moccasin (D:7)
  3 orc warriors
  2 black bears (D:4)
  2 ice beasts
  3 ogres
  2 centaurs (D:7)
  2 bullfrogs
  2 kobold brigands
  Blork the orc (D:5)
  A necrophage (D:6)
  2 scorpions (D:5)
  5 wights (D:8)
  The ghost of scionoferis the Trooper, a weakling DrMo (D:3)
  5 killer bees (D:7)
  2 howler monkeys (D:8)
  An electric eel (D:8)
  3 quasits
  A jelly (D:5)
  Crazy Yiuf (D:7)
  4 orc priests
  Natasha (D:3)
  3 iguanas
  4 orc wizards (D:5)
  Robin (D:3)
  4 gnolls (D:2)
  8 adders
  A shadow imp (D:6)
  3 white imps (D:6)
  2 ufetubi
  4 dart slugs
  A worm (D:2)
  13 orcs
  9 ball pythons
  A bat (D:1)
  4 endoplasms
  4 giant cockroaches
  15 goblins
  11 hobgoblins
  7 quokkas
  A frilled lizard (D:1)
  20 kobolds
  6 rats
173 creatures vanquished.

Vanquished Creatures (collateral kills)
  A water moccasin (D:6)
  A killer bee (D:7)
  An electric eel (D:8)
  A hell rat (D:8)
  A shadow imp (D:7)
  An orc (D:8)
  A rat (D:8)
7 creatures vanquished.

Vanquished Creatures (others)
  3 ancestors
  4 orcs (D:8)
  6 fungi
  8 toadstools (D:6)
21 creatures vanquished.

Grand Total: 201 creatures vanquished

Notes
Turn   | Place    | Note
-------+----------+-------------------------------------------
     0 | D:1      | Newt the Demonspawn Gladiator began the quest for the Orb.
     0 | D:1      | Reached XP level 1. HP: 16/16 MP: 1/1
    32 | D:1      | Reached skill level 1 in Stealth
    73 | D:1      | Found Gakargh's Jewellery Shoppe.
    90 | D:1      | Gained mutation: You are partially covered in molten
                  | scales. (AC +2) [demonic ancestry]
    90 | D:1      | Reached XP level 2. HP: 22/22 MP: 2/2
   398 | D:1      | Reached XP level 3. HP: 28/28 MP: 3/3
  1479 | D:2      | Gained mutation: You are mostly covered in molten scales.
                  | (AC +3) [demonic ancestry]
  1479 | D:2      | Reached XP level 4. HP: 31/37 MP: 4/4
  1849 | D:3      | Reached skill level 1 in Maces & Flails
  2024 | D:3      | Noticed Robin
  2037 | D:3      | Killed Robin
  2113 | D:3      | Reached XP level 5. HP: 42/42 MP: 5/5
  2220 | D:3      | Noticed Natasha
  2227 | D:3      | Killed Natasha
  2272 | D:3      | Found a runed translucent gate.
  2274 | D:3      | Found a runed translucent gate.
  2274 | D:3      | Noticed scionoferis's ghost (weakling DrMo)
  2276 | D:3      | Found a runed translucent gate.
  2597 | D:3      | Killed scionoferis's ghost
  2602 | D:3      | Reached XP level 6. HP: 22/48 MP: 6/6
  2903 | D:4      | Reached skill level 5 in Maces & Flails
  3135 | D:4      | Gained mutation: Spells you cast may paralyse adjacent
                  | enemies. [demonic ancestry]
  3135 | D:4      | Reached XP level 7. HP: 49/54 MP: 7/7
  3370 | D:4      | Found a hazy altar of Hepliaklqana.
  3404 | D:4      | Became a worshipper of Hepliaklqana the Forgotten
  3616 | D:5      | Entered Level 5 of the Dungeon
  3713 | D:5      | Reached skill level 1 in Armour
  4446 | D:5      | Reached XP level 8. HP: 40/60 MP: 8/8
  4913 | D:6      | Noticed Blork the orc
  4937 | D:5      | Reached skill level 3 in Dodging
  5112 | D:5      | Killed Blork the orc
  5285 | D:6      | Reached skill level 4 in Dodging
  5401 | D:6      | Reached skill level 5 in Fighting
  5527 | D:6      | Found a radiant altar of Vehumet.
  5567 | D:6      | Reached skill level 1 in Invocations
  5762 | D:6      | Found a basalt altar of Yredelemnul.
  5802 | D:6      | Reached * piety under Hepliaklqana
  6134 | D:7      | Reached XP level 9. HP: 62/62 MP: 11/11
  6461 | D:7      | Found a runed translucent door.
  6462 | D:7      | Noticed Crazy Yiuf
  6602 | D:7      | Found a staircase to the Ecumenical Temple.
  6919 | D:7      | Reached skill level 5 in Dodging
  6951 | D:7      | Reached skill level 6 in Dodging
  7364 | D:7      | Killed Crazy Yiuf
  7458 | D:8      | Reached skill level 7 in Dodging
  7572 | D:8      | Reached skill level 8 in Dodging
  7583 | D:8      | Found a staircase to the Lair.
  7618 | D:8      | Noticed a death yak
  7619 | D:8      | Noticed a death yak
  7621 | D:8      | Noticed a death yak
  7665 | D:7      | Killed a death yak
  7666 | D:7      | Reached skill level 10 in Dodging
  7666 | D:7      | Reached XP level 10. HP: 25/68 MP: 12/12
  8725 | D:8      | Killed a death yak
  8959 | D:8      | Noticed Gastronok
  8998 | D:8      | Killed Gastronok
  8999 | D:8      | Reached skill level 5 in Throwing
  9380 | D:8      | Slain by a death yak

Illustrated notes

Levels and vault maps discovered:
D:1:      minmay_arrival_jagged, layout_rooms, serial_shops, shop,
          minmay_shallow_snake_nest
D:2:      layout_loops_corners
D:3:      layout_loops_ring, gammafunk_ghost_nasty_kobolds, minmay_hedge_maze,
          ebering_dispersal_statue_hall, uniq_robin, uniq_natasha
D:4:      layout_cave_pools, mainiacjoe_overflow_24_doors,
          mainiacjoe_overflow_boulevard
D:5:      layout_loops_cross
D:6:      cheibrodos_fertilizer, layout_rooms, vehumet_crystals,
          mainiacjoe_overflow_paths, serial_demonic, serial_demonic_d,
          serial_demonic_c, serial_demonic_g, serial_demonic_f,
          kennysheep_generic_room_6, uniq_blork_the_orc
D:7:      layout_basic, minmay_temple_entry_glass, minmay_manual_mares,
          uniq_crazy_yiuf_cottage
D:8:      layout_basic, chequers_temple_overflow_minitemple, dpeg_lair_monsters,
          roderic_nine_men_s_morris, fungi_pond_lemuel, uniq_gastronok
D:9:      layout_stronghold, kennysheep_slug_shrine,
          mainiacjoe_overflow_divided_tiny, minmay_tree_intersection,
          uniq_prince_ribbit1

Skill      XL: |  1  2  3  4  5  6  7  8  9 10 |
---------------+-------------------------------+-----
Stealth        | 1 2 |  2.0
Fighting       | 3 4 6 7 |  7.9
Maces & Flails | 2 3 5 6 8 |  8.0
Armour         | 4 |  4.0
Throwing       | 2 3 5 |  5.0
Dodging        | 4 10 | 10.0
Invocations    | 3 |  3.0
Short Blades   | |  2.6

Action                   |  1- 3 |  4- 6 |  7- 9 | 10-12 || total
-------------------------+-------+-------+-------+-------++-------
Melee: Rapier            |    42 |       |       |       ||    42
       Dagger            |    46 |       |       |       ||    46
       Whip              |    19 |   126 |   353 |    47 ||   545
       Punch             |     1 |       |     5 |     3 ||     9
Throw: Throwing net      |     1 |     1 |     1 |       ||     3
       Dart              |       |     1 |     7 |     9 ||    17
       Boomerang         |       |       |    11 |       ||    11
       Javelin           |       |       |     1 |     1 ||     2
Invok: Recall Ancestor   |       |       |       |     1 ||     1
Evoke: Wand              |       |       |       |     2 ||     2
  Use: Scroll            |     5 |     5 |     3 |     2 ||    15
       Potion            |       |     2 |     3 |     2 ||     7
 Stab: Sleeping          |     4 |     5 |     3 |       ||    12
       Distracted        |       |       |       |     1 ||     1
Armor: Leather armour    |    27 |    48 |    87 |       ||   162
       Steam dragon scal |       |       |     6 |     9 ||    15
Dodge: Dodged            |    63 |    81 |   199 |    26 ||   369
Block: Other             |       |     4 |    75 |     7 ||    86
       Reflection        |       |       |     4 |     2 ||     6

Table legend: (Time is in decaauts)
 A = Elapsed time spent in this place.
 B = Non-inter-level travel time spent in this place.
 C = Inter-level travel time spent in this place.
 D = Time resting spent in this place.
 E = Time spent auto-exploring this place.
 F = Levels seen in this place.
 G = Mean time per level.
                   A        B        C        D        E       F      G
               +--------+--------+--------+--------+--------+-----+--------+
         Total |   9308 |   9056 |    252 |   3143 |   4522 |   9 | 1034.2 |
       Dungeon |   9308 |   9056 |    252 |   3143 |   4522 |   9 | 1034.2 |
               +--------+--------+--------+--------+--------+-----+--------+

Top non-repeatable levels by time:
     D:7: 1849 daAuts
     D:5: 1423 daAuts
     D:3: 1249 daAuts
     D:8: 1183 daAuts
     D:2: 1164 daAuts
     D:6: 853 daAuts
     D:4: 657 daAuts
     D:1: 538 daAuts
     D:9: 389 daAuts
